 Dungeon Crawl Stone Soup version 0.24-a0-525-g9231cdcba1 (webtiles) character file.

Game seed: 9957245175421531916

34604 Flugkiller the Nimble (level 13, -1/88 HPs)
             Began as an Octopode Gladiator on Aug 1, 2019.
             Was a Follower of Uskayaw.
             Slain by a dire elephant (11 damage)
             ... on level 6 of the Lair of Beasts.
             The game lasted 00:35:20 (18713 turns).

Flugkiller the Nimble (Octopode Gladiator)         Turns: 18713, Time: 00:35:21

Health: -1/88      AC:  6    Str: 17    XL:     13   Next: 78%
Magic:  17/20      EV: 19    Int: 12    God:    Uskayaw [*.....]
Gold:   653        SH: 13    Dex: 12    Spells: 13/16 levels left

rFire    + + .     SeeInvis +   F - +6 dagger "Bahek" {pierce, rC+ MR+ Str+4 Dex-5}
rCold    + . .     Gourm    .   f - +2 shield
rNeg     . . .     Faith    .   b - +0 hat
rPois    +         Spirit   .   (no amulet)
rElec    .         Reflect  .   x - ring of see invisible
rCorr    .         Harm     .   B - +5 ring of protection
MR       +....                  C - ring of stealth
Stlth    +++++.....             z - ring of poison resistance
HPRegen  0.24/turn              E - ring of protection from fire
MPRegen  0.17/turn              H - ring of protection from fire
                                (no ring)
                                (no ring)

@: no status effects
A: almost no armour, stealthy swim, amphibious, 8 rings, constrict 8, camouflage
1, gelatinous body 1
a: Stomp, Renounce Religion


You were on level 6 of the Lair of Beasts.
You worshipped Uskayaw.
Uskayaw was aware of your devotion.
You were hungry.

You visited 3 branches of the dungeon, and saw 16 of its levels.
You also visited: Sewer.

You collected 1133 gold pieces.
You spent 480 gold pieces at shops.

Inventory:

Hand Weapons
 a - a +1 rapier
 o - a +0 dagger of venom
   (You took it off a kobold on level 2 of the Dungeon)
 F - the +6 dagger "Bahek" (weapon) {pierce, rC+ MR+ Str+4 Dex-5}
   (You found it on level 6 of the Dungeon)

   It inflicts extra damage upon your enemies.
   It affects your strength (+4).
   It affects your dexterity (-5).
   It protects you from cold.
   It affects your resistance to hostile enchantments.
 S - the +2 arbalest of Gaczimm {flame, rC+ rN+ Str-4, unknown}
   (You found it on level 5 of the Lair of Beasts)

   It causes projectiles fired from it to burn those they strike, causing extra
   injury to most foes and up to half again as much damage against particularly
   susceptible opponents.
   It affects your strength (-4).
   It protects you from cold.
   It protects you from negative energy.
Missiles
 c - 2 throwing nets (quivered)
 I - 15 poisoned darts
 O - 5 silver javelins
 T - 4 curare-tipped darts
Armour
 b - a +0 hat (worn)
 f - a +2 shield (worn)
   (You found it on level 1 of the Dungeon)
Jewellery
 x - a ring of see invisible (left tentacle)
   (You found it on level 5 of the Dungeon)
 z - a ring of poison resistance (on tentacle)
   (You found it on level 6 of the Dungeon)
 B - a +5 ring of protection (right tentacle)
   (You bought it in a shop on level 6 of the Dungeon)
 C - a ring of stealth (on tentacle)
   (You found it on level 6 of the Dungeon)
 E - a ring of protection from fire (on tentacle)
   (You found it on level 6 of the Dungeon)
 H - a ring of protection from fire (on tentacle)
   (You found it on level 7 of the Dungeon)
Wands
 n - a wand of polymorph (7)
   (You found it on level 7 of the Dungeon)
 A - a wand of flame (13)
   (You found it on level 6 of the Dungeon)
 L - a wand of digging (3)
   (You bought it in a shop on level 6 of the Dungeon)
 P - a wand of iceblast (5)
   (You found it on level 2 of the Lair of Beasts)
 U - a wand of disintegration (13)
   (You found it on level 5 of the Lair of Beasts)
Scrolls
 e - 5 scrolls of remove curse
 p - 2 scrolls of amnesia
 q - 7 scrolls of teleportation
 r - a scroll of vulnerability
 s - a scroll of summoning
 t - 3 scrolls of fear
 u - a scroll of acquirement {unknown}
 v - 2 scrolls of fog
 w - 2 scrolls of immolation
 y - 5 scrolls of enchant weapon
 G - 2 scrolls of magic mapping
 J - 3 scrolls of enchant armour
 W - 2 scrolls of identify
Potions
 g - 3 potions of heal wounds
 h - 2 potions of lignification
 i - 5 potions of agility
 j - 3 potions of might
 k - 7 potions of flight
 l - 3 potions of ambrosia
 m - 2 potions of berserk rage
 D - 3 potions of haste
 K - 2 potions of invisibility
 M - a potion of brilliance
 N - 2 potions of curing {unknown}
 R - a potion of degeneration {unknown}
 V - a potion of resistance {unknown}
Comestibles
 d - 25 rations


   Skills:
 - Level 8.0 Fighting
 - Level 10.0 Short Blades
 - Level 2.0 Throwing
 + Level 12.3 Dodging
 - Level 5.0 Stealth
 - Level 10.0 Shields
 - Level 2.0 Spellcasting
 - Level 7.0 Hexes
 + Level 10.1 Invocations


You had 13 spell levels left.
You knew the following spells:

 Your Spells              Type           Power        Failure   Level  Hunger
a - Confuse               Hex            ###.....     9%          3    ####...

Your spell library contained the following spells:

 Spells                   Type           Power        Failure   Level  Hunger
 Corona                   Hex            ###....      3%          1    ##.....
 Tukima's Dance           Hex            ###.....     9%          3    ####...
 Ensorcelled Hibernation  Hex/Ice        #.....       19%         2    ###....
 Dazzling Spray           Conj/Hex       #.....       36%         3    ####...
 Bolt of Magma            Conj/Fire/Erth #.........   100%        5    ######.
 Iskenderun's Battlesphe  Conj/Chrm      #.......     100%        5    ######.
 Venom Bolt               Conj/Pois      #.........   100%        5    ######.
 Iron Shot                Conj/Erth      #.........   100%        6    #######
 Orb of Destruction       Conj           #.........   100%        7    #######
 Spellforged Servitor     Conj/Summ      #.........   100%        7    #######


Dungeon Overview and Level Annotations

Branches:
Dungeon (9/15)             Temple (1/1) D:6            Lair (6/6) D:9
 Shoals (0/4) Lair:2       Spider (0/4) Lair:3        Slime (0/5) Lair:6
    Orc: D:9-12

Altars:
Ashenzari
Cheibriados
Dithmenos
Elyvilon
Fedhas
Gozag
Hepliaklqana
Kikubaaqudgha
Makhleb
Nemelex Xobeh
Okawaru
Ru
Sif Muna
Trog
Uskayaw
Vehumet
Wu Jian
Yredelemnul
Zin
The Shining One

Shops:
D:6 [*?=   D:7 :   D:8 *   D:9 *

Annotations:
D:3 1 runed translucent door, CoolPlay's ghost, weakling MiSu
D:6 1 runed translucent door, DasRunzen's ghost, novice DsFi
D:9 exclusion: wizard


Innate Abilities, Weirdness & Mutations

You cannot wear most types of armour.
You are very stealthy in the water. (Stealth+)
You are amphibious.
You can wear up to eight rings at the same time.
You can use your tentacles to constrict eight enemies at once.
Your skin changes colour to match your surroundings (Stealth+).
Your rubbery body absorbs attacks. (AC +1, EV +1)


Message History

You hit the anaconda.
You squeeze the anaconda, but do no damage.
The anaconda is lightly wounded.
You block the anaconda's attack. The anaconda misses you.
You barely miss the anaconda.
The anaconda is lightly wounded.
The anaconda grabs you. The anaconda barely misses you.
The anaconda constricts you.
You hit the anaconda.
The anaconda is lightly wounded.
The anaconda bites you! The anaconda constricts you.
You puncture the anaconda!
The anaconda is moderately wounded.
The anaconda bites you but does no damage.
The anaconda constricts you.
You puncture the anaconda! Your squeeze misses the anaconda.
The anaconda is heavily wounded.
The anaconda bites you but does no damage.
The anaconda constricts you.
You can now pass through a line of other dancers.
You puncture the anaconda!
The anaconda is severely wounded.
The anaconda closely misses you. The anaconda constricts you.
You hit the anaconda.
The anaconda is severely wounded.
The anaconda bites you. The anaconda constricts you.
You hit the anaconda.
The anaconda is almost dead.
The anaconda bites you!
* * * LOW HITPOINT WARNING * * *
The anaconda constricts you.
You stomp with the beat, sending a shockwave through the revelers around you!
The anaconda is almost dead.
You feel somewhat more hungry. The anaconda misses you.
* * * LOW HITPOINT WARNING * * *
The anaconda constricts you.
You stomp with the beat, sending a shockwave through the revelers around you!
You kill the anaconda!
You hear a distant trumpeting. x2; The elephant guardians awaken!
You hear a distant trumpeting. x3; You feel somewhat more hungry.
You can no longer pass through a line of other dancers.
A dire elephant comes into view.
Unknown command.
A dire elephant comes into view.
The dire elephant trumpets!
There is an open gate here.
The dire elephant tramples you!!
* * * LOW HITPOINT WARNING * * *
You hold your ground!
The dire elephant trunk-slaps you!
You die...

.....+ +≈≈≈.P'...[.#... ###..#
+≈≈≈≈.#8.####.#. ..#### #≈≈≈≈
####....#' #....# ######.≈≈
#....####. ####.### ##...###.
###.#### #.
♣###)..#####8.⌠.8#####...###♣♣##.
...###.................###....♣##
....♣########'''########♣.......♣
........♣.......@................
...P#.#..#.....YP.......#....PP.#
..###.##...PP..........#.......##
.## ###P..#..#..............#.##
### ##...##..........#.....####
..## #..(##.......##########...#
##.# #..####......###≈≈≈## #...##
..####..# #.......##≈#≈≈≈###.....
....#...# ##.#..#.#####≈≈≈≈......


You could see a dire elephant.

Vanquished Creatures
  3 hydras
  An anaconda (Lair:6)
  2 two-headed ogres (D:9)
  4 black mambas
  10 spiny frogs
  11 elephants (Lair:6)
  5 komodo dragons
  3 rime drakes
  Grinder (D:4)
  17 blink frogs
  6 slime creatures
  2 polar bears (Lair:6)
  8 hippogriffs
  3 hogs (D:9)
  37 yaks
  A human (D:9)
  A basilisk (Lair:6)
  2 hungry ghosts (D:7)
  4 water moccasins
  8 porcupines
  A black bear (D:6)
  3 orc warriors
  A hornet zombie (D:9)
  7 ogres
  A sky beast (D:8)
  2 ice beasts
  A necrophage (D:7)
  6 wolves (Lair:1)
  8 centaurs
  17 crocodiles
  A big kobold (D:7)
  11 bullfrogs
  5 scorpions
  12 killer bees
  5 wights (D:9)
  2 electric eels (Lair:1)
  2 howler monkeys
  2 crimson imps
  2 hounds
  3 orc priests
  16 jellies
  4 orc wizards
  An iguana (D:4)
  2 merfolk sirens (Sewer)
  8 worker ants
  A merfolk avatar (Sewer)
  3 gnolls (D:3)
  19 adders
  3 river rats (Sewer)
  A shadow imp (D:5)
  2 oozes
  An adder zombie (D:9)
  2 adder skeletons
  2 worms
  4 dart slugs
  5 leopard geckos
  19 orcs
  3 ball pythons
  15 giant cockroaches
  8 goblins
  9 hobgoblins
  13 jackals
  4 quokkas
  9 bats
  13 frilled lizards
  17 kobolds
  29 rats
  5 plants (Lair:6)
439 creatures vanquished.

Vanquished Creatures (others)
  6 fungi
  3 plants (Lair:6)
9 creatures vanquished.

Grand Total: 448 creatures vanquished

Notes
Turn   | Place    | Note
-------+----------+-------------------------------------------
     0 | D:1      | Flugkiller the Octopode Gladiator began the quest for the
                  | Orb.
     0 | D:1      | Reached XP level 1. HP: 14/14 MP: 1/1
    38 | D:1      | Reached XP level 2. HP: 12/19 MP: 2/2
   107 | D:1      | Reached skill level 1 in Stealth
   688 | D:1      | Reached XP level 3. HP: 24/24 MP: 3/3
  1370 | D:2      | Reached XP level 4. HP: 23/29 MP: 4/4
  1634 | D:2      | Reached skill level 5 in Stealth
  2097 | D:2      | Found a white marble altar of Elyvilon.
  2381 | D:3      | Found a faded altar of an unknown god.
  2440 | D:3      | Found a glowing drain.
  2477 | Sewer    | Entered a sewer
  2485 | Sewer    | Reached XP level 5. HP: 30/35 MP: 5/5
  2552 | Sewer    | Reached skill level 1 in Shields
  2920 | Sewer    | Reached XP level 6. HP: 42/42 MP: 6/6
  3674 | D:3      | Reached skill level 4 in Dodging
  3769 | D:3      | Found a runed translucent door.
  3770 | D:3      | Noticed CoolPlay's ghost (weakling MiSu)
  3879 | D:3      | Found a hazy altar of Hepliaklqana.
  4158 | D:4      | Reached XP level 7. HP: 46/46 MP: 7/7
  4410 | D:4      | Reached XP level 8. HP: 48/54 MP: 8/8
  4419 | D:4      | Noticed Grinder
  4443 | D:4      | Reached skill level 5 in Dodging
  4630 | D:4      | Paralysed by Grinder for 3 turns
  4634 | D:4      | Killed Grinder
  4634 | D:4      | Reached skill level 5 in Short Blades
  5137 | D:5      | Entered Level 5 of the Dungeon
  5265 | D:5      | Reached skill level 5 in Fighting
  5293 | D:5      | Found a shattered altar of Ashenzari.
  5293 | D:5      | Found a deep blue altar of Sif Muna.
  6077 | D:6      | Found an opulent altar of Gozag.
  6243 | D:6      | Found Poezeak's Assorted Antiques.
  6252 | D:6      | Bought a scroll labeled OSHROO PIZU for 30 gold pieces
  6252 | D:6      | Bought a scroll labeled DUITOT SULU for 30 gold pieces
  6252 | D:6      | Bought a cabochon ring for 150 gold pieces
  6252 | D:6      | Bought a cabochon ring for 150 gold pieces
  6301 | D:6      | Found a runed translucent door.
  6301 | D:6      | Noticed DasRunzen's ghost (novice DsFi)
  6344 | D:6      | Found Jiuxiq's Magic Scroll Shop.
  6436 | D:6      | Found Jeriluu's Jewellery Shop.
  6569 | D:6      | Found a staircase to the Ecumenical Temple.
  6583 | D:6      | Got an ancient dagger
  6586 | Temple   | Entered the Ecumenical Temple
  6639 | Temple   | Became a worshipper of Uskayaw the Reveler
  6687 | D:6      | Found Ethihoofea's Armour Emporium.
  6689 | D:6      | Reached * piety under Uskayaw
  6727 | D:6      | Found a blossoming altar of Fedhas.
  7069 | D:7      | Found Zarys's Book Shoppe.
  7074 | D:7      | Identified the +6 dagger "Bahek" {pierce, rC+ MR+ Str+4
                  | Dex-5} (You found it on level 6 of the Dungeon)
  7174 | D:7      | Reached ** piety under Uskayaw
  7213 | D:7      | Reached skill level 6 in Dodging
  7213 | D:7      | Reached XP level 9. HP: 58/61 MP: 9/9
  7339 | D:7      | Reached skill level 5 in Shields
  7339 | D:7      | Reached skill level 1 in Invocations
  7339 | D:7      | Reached *** piety under Uskayaw
  7354 | D:7      | Reached **** piety under Uskayaw
  7867 | D:8      | Reached skill level 7 in Dodging
  7870 | D:8      | Reached ***** piety under Uskayaw
  7872 | D:8      | Reached XP level 10. HP: 49/67 MP: 11/13
  8150 | D:7      | Reached skill level 5 in Invocations
  8650 | D:8      | Reached skill level 8 in Dodging
  8843 | D:8      | Found Wuocokap's General Store.
  9353 | D:9      | Found a staircase to the Lair.
  9363 | D:9      | Noticed a two-headed ogre
  9423 | D:9      | Noticed a two-headed ogre
  9614 | D:9      | Reached skill level 9 in Dodging
  9836 | D:9      | Found Vusemof's General Store.
 10199 | D:9      | Killed a two-headed ogre
 10199 | D:9      | Reached XP level 11. HP: 73/73 MP: 14/16
 10314 | D:9      | Killed a two-headed ogre
 10861 | D:9      | Noticed a wizard
 11100 | Lair:1   | Entered Level 1 of the Lair of Beasts
 11448 | Lair:1   | Noticed a six-headed hydra
 11472 | Lair:1   | Killed a six-headed hydra
 11472 | Lair:1   | Reached skill level 10 in Dodging
 12086 | D:6      | Bought a glowing wooden wand for 120 gold pieces
 12405 | Lair:2   | Found a staircase to the Shoals.
 12561 | Lair:2   | Reached XP level 12. HP: 80/80 MP: 18/18
 12621 | Lair:2   | Noticed a five-headed hydra
 12646 | Lair:2   | Killed a five-headed hydra
 12931 | Lair:2   | Reached skill level 10 in Short Blades
 13030 | Lair:2   | Reached skill level 11 in Dodging
 13035 | Lair:2   | Learned a level 3 spell: Confuse
 13277 | Lair:2   | Reached skill level 1 in Hexes
 13404 | Lair:2   | Reached skill level 1 in Spellcasting
 13573 | Lair:3   | Found a hole to the Spider Nest.
 14277 | Lair:3   | You fall into a shaft and drop 1 floor!
 14277 | Lair:4   | Noticed Sonja
 14278 | Lair:4   | Noticed Sonja
 14278 | Lair:4   | Sonja changed into Sonja the black mamba
 14285 | Lair:4   | Killed Sonja the black mamba
 14337 | Lair:4   | Reached skill level 5 in Hexes
 14347 | Lair:4   | Reached ****** piety under Uskayaw
 15137 | Lair:5   | Got an ancient arbalest
 15893 | Lair:6   | Entered Level 6 of the Lair of Beasts
 15920 | Lair:6   | Reached XP level 13. HP: 7/85 MP: 9/19
 16392 | Lair:5   | Reached skill level 10 in Shields
 16920 | Lair:6   | Found a staircase to the Slime Pits.
 17583 | Lair:6   | Reached skill level 12 in Dodging
 18035 | Lair:6   | Found an ornate altar of the Wu Jian Council.
 18228 | Lair:6   | Reached skill level 10 in Invocations
 18695 | Lair:6   | Noticed a dire elephant
 18708 | Lair:6   | Noticed a dire elephant
 18713 | Lair:6   | Slain by a dire elephant

Levels and vault maps discovered:
D:1:      sevenhm_arrival_forest_fort_small_6, layout_basic, minmay_box_of_dots
D:2:      layout_basic, marbit_many_paths, serial_corexii_hall,
          corexii_hall_statues_l, corexii_hall_statues_i,
          chequers_hall_statues_y, chequers_hall_statues_corner_a
D:3:      layout_basic, old_standard_altar, ebering_ghost_inner_flame,
          gup_sewer_entry_glass, chequers_ecumenical_altar_simple_redux
D:4:      layout_loops_ring, first_ration, corexii_item_surrounded_by_moat,
          minmay_increasing_density, uniq_grinder
D:5:      layout_basic, chequers_temple_overflow_statue_of_worship
D:6:      layout_loops_ring, kennysheep_mini, lemuel_doored_altar,
          minmay_temple_entry_offerings, hellmonk_ghost_happy_afterlife,
          serial_shops, shop, shop, shop,
          nicolae_shop_temple_entry_statues_fountains
D:7:      layout_basic, serial_shops, nicolae_shop_trees
D:8:      layout_basic, serial_shops,
          nicolae_shop_temple_entry_statues_fountains
D:9:      layout_loops_cross, lair_entry_dummy, serial_shops, shop,
          grunt_livestock, lightli_wizard_tower
Temple:   nicolae_temple_elliptical
Lair:1:   layout_regular_city, columned_hall_lemuel, dpeg_stationary_puzzle
Lair:2:   layout_long_grid, elwin_shoals_entry_rocks
Lair:3:   layout_gridlike, dummy_spider_entry, minivault_26,
          chequers_serial_rivers_large_a
Lair:4:   layout_concentric_octagons, chequers_serial_rivers_small_a, uniq_sonja
Lair:5:   layout_misc_corridors
Lair:6:   due_jungle_book, layout_cave_pods, minmay_slime_entry_jelly_boxes,
          lemuel_centaur_altar, grunt_megastairs_5, infiniplex_staircase_pool

Skill      XL: |  1  2  3  4  5  6  7  8  9 10 11 12 13 |
---------------+----------------------------------------+-----
Stealth        | 3 4 5 |  5.0
Shields        | 1 2 3 4 6 8 9 10 | 10.0
Fighting       | 3 4 5 6 7 8 |  8.0
Dodging        | 4 6 7 9 10 11 12 | 12.3
Short Blades   | 4 5 7 8 9 10 | 10.0
Invocations    | 4 6 8 10 | 10.1
Hexes          | 6 7 |  7.0
Spellcasting   | 2 |  2.0
Throwing       | |  2.0

Action                   |  1- 3 |  4- 6 |  7- 9 | 10-12 | 13-15 || total
-------------------------+-------+-------+-------+-------+-------++-------
Melee: Rapier            |    77 |     3 |       |    23 |       ||   103
       Constrict         |    20 |    44 |    38 |    61 |    15 ||   178
       Tentacles         |    16 |    40 |    43 |   117 |    82 ||   298
       Dagger            |       |   168 |   200 |   620 |   304 ||  1292
       Unarmed           |       |       |    12 |       |       ||    12
Throw: Throwing net      |       |       |       |     3 |       ||     3
 Cast: Confuse           |       |       |       |       |     4 ||     4
Invok: Stomp             |       |       |       |     9 |     4 ||    13
       Line Pass         |       |       |       |     3 |       ||     3
       Grand Finale      |       |       |       |     1 |       ||     1
Evoke: Wand              |       |       |       |    10 |     4 ||    14
  Use: Scroll            |       |     1 |    18 |     8 |       ||    27
       Potion            |       |       |     1 |     1 |     1 ||     3
 Stab: Sleeping          |     9 |    27 |    14 |    26 |     4 ||    80
       Paralysed         |       |       |     6 |    38 |    20 ||    64
       Held in net/web   |       |       |       |     2 |       ||     2
       Distracted        |       |       |       |     1 |       ||     1
  Eat: Chunk             |     1 |     9 |    10 |    24 |     7 ||    51
       Ration            |       |       |     1 |     1 |     1 ||     3
Armor: Skin              |     3 |     3 |    26 |    43 |    20 ||    95
Dodge: Dodged            |    45 |    81 |    71 |   208 |    77 ||   482
Block: Shield            |       |     7 |    57 |   267 |    94 ||   425

Table legend:
 A = Non-vault XP
 B = Vault XP
 C = Vault XP percentage of total XP
 D = Non-vault monster count
 E = Vault monster count
 F = Vault count percentage of total count
                 A         B        C        D         E       F
            +---------+---------+-------+---------+---------+-------
      Total |   42036 |    7399 |  15.0 |     350 |      84 |  19.4
            +---------+---------+-------+---------+---------+-------
        D:1 |      64 |       5 |   7.2 |      33 |       4 |  10.8
        D:2 |     107 |       2 |   1.8 |      30 |       1 |   3.2
        D:3 |     133 |      17 |  11.3 |      23 |       3 |  11.5
        D:4 |     578 |     421 |  42.1 |      13 |       4 |  23.5
        D:5 |     353 |       0 |   0.0 |      15 |       0 |   0.0
        D:6 |     329 |       0 |   0.0 |       3 |       0 |   0.0
        D:7 |    1630 |       0 |   0.0 |      26 |       0 |   0.0
        D:8 |    3565 |       0 |   0.0 |      44 |       0 |   0.0
        D:9 |    4827 |    1046 |  17.8 |      41 |       6 |  12.8
     Lair:1 |    3130 |     104 |   3.2 |      17 |       2 |  10.5
     Lair:2 |    4726 |       0 |   0.0 |      16 |       0 |   0.0
     Lair:3 |    2444 |       0 |   0.0 |      12 |       0 |   0.0
     Lair:4 |    2577 |     436 |  14.5 |      13 |       1 |   7.1
     Lair:5 |    5072 |      86 |   1.7 |      23 |       2 |   8.0
     Lair:6 |   12501 |    5080 |  28.9 |      41 |      24 |  36.9
      Sewer |       0 |     202 | 100.0 |       0 |      37 | 100.0
            +---------+---------+-------+---------+---------+-------
